| TOP OF THE 1ST |
|
Waterbury Rough Riders batting - Pitching for Pawtucket Paw Sox : RHP Billy Taylor
|
|
Pitching: RHP Billy Taylor
|
|
|
Batting: RHB David Corman
|
0-0: Ball 1-0: Ball 2-0: Ball 3-0: Called Strike 3-1: Called Strike 3-2: SINGLE (Groundball, 25, EV 62.5 MPH) (infield hit)
|
|
Batting: RHB Jack Fimple
|
0-0: Ball 1-0: Ball 2-0: Called Strike 2-1: Ball 3-1: SINGLE (Line Drive, 9LM, EV 98.1 MPH) David Corman to second
|
|
Batting: RHB Billy Beane
|
0-0: Called Strike 0-1: Ball 1-1: Single, Error in OF, E8, batter to second base (Line Drive, 4MD, EV 97.5 MPH) David Corman scores Jack Fimple to third
|
|
Batting: RHB Junior Ortiz
|
0-0: Ball 1-0: Swinging Strike 1-1: Fly out, F7 (Flyball, 78M, EV 86.3 MPH) Runner from 3rd tags up, SCORES, no throw by LF
|
|
Batting: LHB David Blume
|
0-0: Ground out 3-1 (Groundball, 34, EV 101.9 MPH) Billy Beane to third
|
|
Batting: RHB Daniel Purpura
|
0-0: Ball 1-0: Called Strike 1-1: Foul Ball, location: 2F 1-2: Foul Ball, location: 2F 1-2: Fly out, F9 (Flyball, 9LM, EV 85.0 MPH)
|
| Top of the 1st over - 2 runs, 3 hits, 1 error, 1 left on base; Waterbury 2 - Pawtucket 0 |
| BOTTOM OF THE 1ST |
|
Pawtucket Paw Sox batting - Pitching for Waterbury Rough Riders : RHP Mathew McArow
|
|
Pitching: RHP Mathew McArow
|
|
|
Batting: LHB Dave Haberle
|
0-0: Ball 1-0: Ball 2-0: Ground out 6-3 (Groundball, 6M, EV 89.4 MPH)
|
|
Batting: LHB Steven Garcia
|
0-0: Called Strike 0-1: Foul Ball, location: 2F 0-2: SINGLE (Groundball, 25, EV 68.8 MPH) (infield hit)
|
|
Batting: LHB Jeff Stone
|
0-0: Called Strike 0-1: Ball 1-1: Ball 2-1: Foul Ball, location: 2F 2-2: Ball 3-2: Foul Ball, location: 2F 3-2: Strikes out looking
|
|
Batting: RHB Dave Malpeso
|
0-0: Ball 1-0: Foul Ball, location: 2F 1-1: DOUBLE (Flyball, 8LXD, EV 89.4 MPH) Steven Garcia to third Runner from 3rd tries for Home, SAFE, throw by CF to home
|
|
Batting: LHB William Hance
|
0-0: Ball 1-0: Foul Ball, location: 2F 1-1: Ball 2-1: Swinging Strike 2-2: Ball 3-2: Base on Balls
|
|
Batting: RHB Brick Smith
|
0-0: Foul Ball, location: 2F 0-1: Fly out, F7 (Flyball, 78S, EV 82.5 MPH)
|
| Bottom of the 1st over - 1 run, 2 hits, 0 errors, 2 left on base; Waterbury 2 - Pawtucket 1 |
| TOP OF THE 2ND |
|
Waterbury Rough Riders batting - Pitching for Pawtucket Paw Sox : RHP Billy Taylor
|
|
Batting: LHB Wilson Tucker
|
0-0: Ball 1-0: Called Strike 1-1: SINGLE (Line Drive, 56D, EV 96.3 MPH)
|
|
Batting: RHB Enrique Collado
|
Pickoff Throw to First - Error! E1 Wilson Tucker to second 0-0: Foul Ball, location: 2F 0-1: Ball Wild Pitch! Wilson Tucker to third 1-1: Ball 2-1: Swinging Strike 2-2: Foul Ball, location: 2F 2-2: Ball 3-2: Strikes out looking
|
|
Batting: RHB Jose Quiroz
|
0-0: Called Strike 0-1: Swinging Strike 0-2: Strikes out looking
|
|
Batting: RHB David Corman
|
0-0: Called Strike 0-1: Foul Ball, location: 2F 0-2: Foul Ball, location: 2F 0-2: Strikes out looking
|
| Top of the 2nd over - 0 runs, 1 hit, 1 error, 1 left on base; Waterbury 2 - Pawtucket 1 |
| BOTTOM OF THE 2ND |
|
Pawtucket Paw Sox batting - Pitching for Waterbury Rough Riders : RHP Mathew McArow
|
|
Batting: LHB David Wiggins
|
0-0: Ball 1-0: Called Strike 1-1: Ball 2-1: Ball 3-1: Base on Balls
|
|
Batting: RHB Robert Duran
|
0-0: Ball 1-0: Ball 2-0: Called Strike 2-1: SINGLE (Flyball, 34D, EV 98.1 MPH) David Wiggins to second
|
|
Batting: RHB Lenny Faedo
|
0-0: Ball 1-0: Fielders Choice at 2nd, 4-6 (Groundball, 4, EV 88.1 MPH) David Wiggins to third
|
|
Batting: LHB Dave Haberle
|
0-0: Called Strike 0-1: Foul Ball, location: 2F 0-2: Ball 1-2: Strikes out swinging
|
|
Batting: LHB Steven Garcia
|
0-0: Fly out, F9 (Flyball, 89M, EV 83.1 MPH)
|
| Bottom of the 2nd over - 0 runs, 1 hit, 0 errors, 2 left on base; Waterbury 2 - Pawtucket 1 |
| TOP OF THE 3RD |
|
Waterbury Rough Riders batting - Pitching for Pawtucket Paw Sox : RHP Billy Taylor
|
|
Batting: RHB Jack Fimple
|
0-0: Fly out, F6 (Popup, 15, EV 81.9 MPH)
|
|
Batting: RHB Billy Beane
|
0-0: DOUBLE (Line Drive, 8LXD, EV 111.3 MPH)
|
|
Batting: RHB Junior Ortiz
|
0-0: Called Strike 0-1: Foul Ball, location: 2F 0-2: Ball 1-2: Strikes out swinging
|
|
Batting: LHB David Blume
|
0-0: Ball 1-0: Called Strike 1-1: Ball 2-1: Foul Ball, location: 2F 2-2: Ball 3-2: Base on Balls
|
|
Batting: RHB Daniel Purpura
|
0-0: Called Strike 0-1: Foul Ball, location: 2F 0-2: Foul Ball, location: 2F 0-2: Ball 1-2: Fielders Choice at 2nd, 6-4 (Groundball, 6, EV 103.1 MPH)
|
| Top of the 3rd over - 0 runs, 1 hit, 0 errors, 2 left on base; Waterbury 2 - Pawtucket 1 |
| BOTTOM OF THE 3RD |
|
Pawtucket Paw Sox batting - Pitching for Waterbury Rough Riders : RHP Mathew McArow
|
|
Batting: LHB Jeff Stone
|
0-0: Swinging Strike 0-1: Ball 1-1: Ball 2-1: Fly out, F4 (Flyball, 4D, EV 79.4 MPH)
|
|
Batting: RHB Dave Malpeso
|
0-0: Ball 1-0: Foul Ball, location: 2F 1-1: SOLO HOME RUN (Flyball, 7D, EV 105.6 MPH), Distance : 378 ft
|
|
Batting: LHB William Hance
|
0-0: Called Strike 0-1: Ball 1-1: Ball 2-1: Ground out 4-3 (Groundball, 4D, EV 92.5 MPH)
|
|
Batting: RHB Brick Smith
|
0-0: Called Strike 0-1: Ball 1-1: Ground out 3-1 (Groundball, 34S, EV 94.4 MPH)
|
| Bottom of the 3rd over - 1 run, 1 hit, 0 errors, 0 left on base; Waterbury 2 - Pawtucket 2 |
| TOP OF THE 4TH |
|
Waterbury Rough Riders batting - Pitching for Pawtucket Paw Sox : RHP Billy Taylor
|
|
Batting: LHB Wilson Tucker
|
0-0: Called Strike 0-1: Ball 1-1: Called Strike 1-2: Strikes out swinging
|
|
Batting: RHB Enrique Collado
|
0-0: Foul Ball, location: 2F 0-1: Ball 1-1: Ball 2-1: Ground out 6-3 (Groundball, 56, EV 89.4 MPH)
|
|
Batting: RHB Jose Quiroz
|
0-0: Called Strike 0-1: Called Strike 0-2: Ball 1-2: Hit by Pitch
|
|
Batting: RHB David Corman
|
0-0: Called Strike 0-1: Swinging Strike 0-2: Fielders Choice at 2nd, 6-4 (Groundball, 6, EV 79.4 MPH)
|
| Top of the 4th over - 0 runs, 0 hits, 0 errors, 1 left on base; Waterbury 2 - Pawtucket 2 |
| BOTTOM OF THE 4TH |
|
Pawtucket Paw Sox batting - Pitching for Waterbury Rough Riders : RHP Mathew McArow
|
|
Batting: LHB David Wiggins
|
0-0: DOUBLE (Line Drive, 78D, EV 106.9 MPH)
|
|
Batting: RHB Robert Duran
|
0-0: Ball 1-0: Called Strike 1-1: SINGLE (Line Drive, 8RS, EV 96.3 MPH) David Wiggins to third Runner from 3rd tries for Home, SAFE, throw by CF to home
|
|
Batting: RHB Lenny Faedo
|
0-0: Called Strike 0-1: Ball 1-1: SINGLE (Groundball, 56D, EV 100.6 MPH) Robert Duran to second
|
|
Batting: LHB Dave Haberle
|
0-0: Foul Ball, location: 2F 0-1: Called Strike 0-2: Strikes out swinging
|
|
Batting: LHB Steven Garcia
|
0-0: Foul Ball, location: 2F 0-1: Ball 1-1: Fly out, F7 (Flyball, 7LD, EV 101.3 MPH) Runner from 2nd tags up, SAFE at 3rd, no throw by LF
|
|
Batting: LHB Jeff Stone
|
0-0: Fly out, F7 (Flyball, 78M, EV 87.5 MPH)
|
| Bottom of the 4th over - 1 run, 3 hits, 0 errors, 2 left on base; Waterbury 2 - Pawtucket 3 |
| TOP OF THE 5TH |
|
Waterbury Rough Riders batting - Pitching for Pawtucket Paw Sox : RHP Billy Taylor
|
|
Batting: RHB Jack Fimple
|
0-0: Called Strike 0-1: Ball 1-1: Ball 2-1: Ball 3-1: Base on Balls
|
|
Batting: RHB Billy Beane
|
0-0: Ball 1-0: Called Strike 1-1: Foul Ball, location: 2F 1-2: Ball 2-2: Strikes out swinging
|
|
Batting: RHB Junior Ortiz
|
0-0: Called Strike 0-1: Swinging Strike 0-2: Ball 1-2: Ball 2-2: Grounds into double play, 6-4-3 (Groundball, 6S, EV 84.4 MPH)
|
| Top of the 5th over - 0 runs, 0 hits, 0 errors, 0 left on base; Waterbury 2 - Pawtucket 3 |
| BOTTOM OF THE 5TH |
|
Pawtucket Paw Sox batting - Pitching for Waterbury Rough Riders : RHP Mathew McArow
|
|
Batting: RHB Dave Malpeso
|
0-0: SINGLE (Line Drive, 56D, EV 95.0 MPH)
|
|
Batting: LHB William Hance
|
0-0: Foul Ball, location: 2F 0-1: Ball 1-1: Ball 2-1: Ball 3-1: Called Strike 3-2: Base on Balls Dave Malpeso to second
|
|
Batting: RHB Brick Smith
|
0-0: Fielders Choice at 2nd, 6-4 (Groundball, 6S, EV 86.9 MPH) Dave Malpeso to third
|
|
Batting: LHB David Wiggins
|
0-0: Swinging Strike 0-1: Ball 1-1: Foul Ball, location: 2F 1-2: Ball 2-2: Strikes out swinging
|
|
Batting: RHB Robert Duran
|
0-0: Ball 1-0: Ball 2-0: Called Strike 2-1: Foul Ball, location: 2F 2-2: Ball 3-2: Base on Balls Brick Smith to second
|
|
Batting: RHB Lenny Faedo
|
0-0: Fly out, F8 (Line Drive, 8RD, EV 90.6 MPH)
|
| Bottom of the 5th over - 0 runs, 1 hit, 0 errors, 3 left on base; Waterbury 2 - Pawtucket 3 |
| TOP OF THE 6TH |
|
Waterbury Rough Riders batting - Pitching for Pawtucket Paw Sox : RHP Billy Taylor
|
|
Batting: LHB David Blume
|
0-0: Ball 1-0: Foul Ball, location: 2F 1-1: Swinging Strike 1-2: Ball 2-2: Foul Ball, location: 2F 2-2: Ball 3-2: Foul Ball, location: 2F 3-2: Fly out, F7 (Flyball, 78D, EV 101.3 MPH)
|
|
Batting: RHB Daniel Purpura
|
0-0: Ball 1-0: Swinging Strike 1-1: Foul Ball, location: 2F 1-2: Ball 2-2: Ground out 4-3 (Groundball, 4D, EV 98.1 MPH)
|
|
Batting: LHB Wilson Tucker
|
0-0: Called Strike 0-1: Foul Ball, location: 2F 0-2: Ball 1-2: Ball 2-2: Ball 3-2: Ground out U3 (Groundball, 34, EV 85.0 MPH)
|
| Top of the 6th over - 0 runs, 0 hits, 0 errors, 0 left on base; Waterbury 2 - Pawtucket 3 |
| BOTTOM OF THE 6TH |
|
Pawtucket Paw Sox batting - Pitching for Waterbury Rough Riders : RHP Mathew McArow
|
|
Batting: LHB Dave Haberle
|
0-0: Ball 1-0: Called Strike 1-1: Ball 2-1: Ball 3-1: Base on Balls
|
|
Batting: LHB Steven Garcia
|
0-0: Ball 1-0: Sac Bunt to 3S - play at first, batter OUT! 3-1 Dave Haberle to second
|
|
Batting: LHB Jeff Stone
|
0-0: Intentional Walk
|
|
Batting: RHB Dave Malpeso
|
0-0: Ball 1-0: Called Strike 1-1: Foul Ball, location: 2F 1-2: Strikes out swinging
|
|
Batting: LHB William Hance
|
0-0: Foul Ball, location: 2F 0-1: Foul Ball, location: 2F 0-2: Ball 1-2: Ball 2-2: Strikes out swinging
|
| Bottom of the 6th over - 0 runs, 0 hits, 0 errors, 2 left on base; Waterbury 2 - Pawtucket 3 |
| TOP OF THE 7TH |
|
Waterbury Rough Riders batting - Pitching for Pawtucket Paw Sox : RHP Billy Taylor
|
|
Batting: RHB Enrique Collado
|
0-0: Ball 1-0: Called Strike 1-1: Swinging Strike 1-2: Fly out, F7 (Flyball, 78S, EV 88.1 MPH)
|
|
Batting: RHB Jose Quiroz
|
0-0: Foul Ball, location: 2F 0-1: Fly out, F2 (Popup, 25F, EV 91.3 MPH)
|
|
Batting: RHB David Corman
|
0-0: Ball 1-0: Called Strike 1-1: Foul Ball, location: 2F 1-2: Ball 2-2: Ball 3-2: Base on Balls
|
|
Pitching: RHP Sam Bryan
|
|
|
Batting: RHB Jack Fimple
|
0-0: Ball David Corman steals 2nd base 1-0: Foul Ball, location: 2F 1-1: Called Strike 1-2: Strikes out swinging
|
| Top of the 7th over - 0 runs, 0 hits, 0 errors, 1 left on base; Waterbury 2 - Pawtucket 3 |
| BOTTOM OF THE 7TH |
|
Pawtucket Paw Sox batting - Pitching for Waterbury Rough Riders : RHP Mathew McArow
|
|
Batting: RHB Brick Smith
|
0-0: Called Strike 0-1: Swinging Strike 0-2: Ball 1-2: Ball 2-2: Ball 3-2: Ground out 4-3 (Groundball, 4M, EV 93.8 MPH)
|
|
Batting: LHB David Wiggins
|
0-0: Foul Ball, location: 2F 0-1: Ball 1-1: SINGLE (Line Drive, 8LS, EV 105.6 MPH)
|
|
Batting: RHB Robert Duran
|
0-0: Called Strike 0-1: Foul Ball, location: 2F 0-2: Ball 1-2: Strikes out swinging
|
|
Batting: RHB Lenny Faedo
|
0-0: Ball 1-0: Swinging Strike 1-1: Foul Ball, location: 2F 1-2: Ball 2-2: Fielders Choice at 2nd, 6-4 (Groundball, 6, EV 110.0 MPH)
|
| Bottom of the 7th over - 0 runs, 1 hit, 0 errors, 1 left on base; Waterbury 2 - Pawtucket 3 |
| TOP OF THE 8TH |
|
Waterbury Rough Riders batting - Pitching for Pawtucket Paw Sox : RHP Sam Bryan
|
|
Batting: RHB Billy Beane
|
0-0: Ball 1-0: Called Strike 1-1: Ball 2-1: SINGLE (Line Drive, 9LM, EV 107.5 MPH)
|
|
Batting: RHB Junior Ortiz
|
0-0: SINGLE (Line Drive, 6D, EV 110.0 MPH) Billy Beane to second
|
|
Pitching: RHP Joe Thomas
|
|
|
Batting: LHB David Blume
|
0-0: Called Strike 0-1: Foul Ball, location: 2F 0-2: Foul Ball, location: 2F 0-2: Strikes out swinging
|
|
Batting: RHB Daniel Purpura
|
0-0: Ball 1-0: Fly out, F8 (Flyball, 8LD, EV 87.5 MPH)
|
|
Batting: LHB Wilson Tucker
|
0-0: Called Strike 0-1: Ball 1-1: Ball 2-1: Ball 3-1: Ground out 4-3 (Groundball, 4, EV 92.5 MPH)
|
| Top of the 8th over - 0 runs, 2 hits, 0 errors, 2 left on base; Waterbury 2 - Pawtucket 3 |
| BOTTOM OF THE 8TH |
|
Pawtucket Paw Sox batting - Pitching for Waterbury Rough Riders : RHP Mathew McArow
|
|
Batting: LHB Dave Haberle
|
0-0: Called Strike 0-1: Foul Ball, location: 2F 0-2: Ball 1-2: Foul Ball, location: 2F 1-2: Foul Ball, location: 2F 1-2: Ball 2-2: Fly out, F6 (Popup, 6S, EV 64.4 MPH)
|
|
Batting: LHB Steven Garcia
|
0-0: Ball 1-0: Fly out, F6 (Popup, P, EV 77.5 MPH)
|
|
Batting: LHB Jeff Stone
|
0-0: Foul Ball, location: 2F 0-1: Fly out, F8 (Flyball, 8LD, EV 87.5 MPH)
|
| Bottom of the 8th over - 0 runs, 0 hits, 0 errors, 0 left on base; Waterbury 2 - Pawtucket 3 |
| TOP OF THE 9TH |
|
Waterbury Rough Riders batting - Pitching for Pawtucket Paw Sox : RHP Joe Thomas
|
|
Pitching: RHP Terry McAnnally
|
|
|
Now at 1B: Ted Cox
|
|
|
Now at 2B: Gary Hargis
|
|
|
Pinch Hitting: RHB Dave Wilder
|
0-0: Called Strike 0-1: Called Strike 0-2: Fly out, F9 (Flyball, 9S, EV 85.6 MPH)
|
|
Pinch Hitting: SHB Paul Gbur
|
0-0: Ball 1-0: SINGLE (Groundball, 34D, EV 106.9 MPH)
|
|
Batting: RHB David Corman
|
0-0: Fly out, F6 (Popup, 6, EV 73.8 MPH)
|
|
Batting: RHB Jack Fimple
|
0-0: 2-RUN HOME RUN (Flyball, 8LXD, EV 100.0 MPH), Distance : 444 ft
|
|
Batting: RHB Billy Beane
|
0-0: Ball 1-0: Fly out, F7 (Flyball, 7D, EV 91.9 MPH)
|
| Top of the 9th over - 2 runs, 2 hits, 0 errors, 0 left on base; Waterbury 4 - Pawtucket 3 |
| BOTTOM OF THE 9TH |
|
Pawtucket Paw Sox batting - Pitching for Waterbury Rough Riders : RHP Mathew McArow
|
|
Pitching: RHP Marcial Abreu
|
|
|
Now at 3B: Paul Gbur
|
|
|
Now at SS: Joseph Pocoroba
|
|
|
Now in LF: David Daniels
|
|
|
Batting: RHB Dave Malpeso
|
0-0: Called Strike 0-1: SINGLE (Line Drive, 56D, EV 104.4 MPH)
|
|
Pinch Runner at 1st Shooty Babitt:
|
|
|
Batting: LHB William Hance
|
0-0: Ball 1-0: Swinging Strike 1-1: SINGLE (Line Drive, 9S, EV 100.0 MPH) Shooty Babitt to second
|
|
Batting: RHB Gary Hargis
|
0-0: Bunted foul 0-1: Sac Bunt to 15 - play at first, batter OUT! 1-4 Shooty Babitt to third William Hance to second
|
|
Batting: LHB David Wiggins
|
0-0: Ball 1-0: Ball 2-0: Foul Ball, location: 2F 2-1: Foul Ball, location: 2F 2-2: Ball 3-2: Foul Ball, location: 2F 3-2: Foul Ball, location: 2F 3-2: Base on Balls
|
|
Batting: RHB Robert Duran
|
0-0: Foul Ball, location: 2F 0-1: Ball 1-1: Fly out, F9 (Flyball, 9S, EV 90.6 MPH)
|
|
Pinch Hitting: LHB Steven Blackman
|
0-0: Ball 1-0: Called Strike 1-1: Foul Ball, location: 2F 1-2: Ball 2-2: Foul Ball, location: 2F 2-2: Foul Ball, location: 2F 2-2: Strikes out looking
|
| Bottom of the 9th over - 0 runs, 2 hits, 0 errors, 3 left on base; Waterbury 4 - Pawtucket 3 |
|